Remparts vs Staline

Created - March 17, 2018 at 19:04

Goals
1 2 3 T
Remparts 0 2 0 2
Staline 1 2 1 4
Shots
1 2 3 T
Remparts 9 16 8 33
Staline 9 18 8 35

1st period

1. Staline , Brock Nelson 42 (Dustin Kohn 56, Lars Eller 54) at 14:15

Penalties :
Mike Weber (Que) for Hooking (Minor) at 0:22, Kris Russell (Que) for Roughing (Minor) at 7:22, Mike Reilly (StJ) for Hooking (Minor) at 16:01

2nd period

2. Remparts , Dainius Zubrus 13 (Justin Williams 15, Kris Russell 14) at 5:25
3. Staline , Brock Nelson 43 (Tyler Pitlick 34, Lars Eller 55) at 5:34
4. Remparts , Pasi Salonen 19 (Guillaume Desbiens 46, William Colbert 17) at 9:23
5. Staline , Lars Eller 34 (Brock Nelson 26, Dustin Kohn 57) at 9:29

Penalties :
Justin Williams (Que) for Hooking (Minor) at 5:37, Dustin Kohn (StJ) for Tripping (Minor) at 16:08

3rd period

6. Staline , Danny Kristo 18 (David Desharnais 41, Dustin Kohn 58) at 2:55

Penalties :
Allen York (StJ) for Slashing (Minor) at 5:05 - Stu Bickel served the penalty, Lars Eller (StJ) for Hooking (Minor) at 8:26, Viktor Loov (StJ) for Interference (Minor) at 12:09

Goalie Stats

Tyler Plante (Que), 31 saves from 35 shots - (0.886), L, 17-17-3, 60:00 minutes
Allen York (StJ), 31 saves from 33 shots - (0.939), W, 32-14-6, 60:00 minutes

Players Stats for Remparts

Player Name              G  A  P  +/- PIM S  H  SB GA TA FO     MP     PP MP  PK MP  
------------------------------------------------------------------------------------
Alex Galchenyuk          0  0  0  -1  0   0  0  0  0  0  0/0     8:07   0:00   1:20 
Anton Zlobin             0  0  0   0  0   0  0  0  0  0  0/0     0:00   0:00   0:00 
Brandon Mashinter        0  0  0  -1  0   1  2  0  0  0  5/6    11:26   0:00   0:00 
Cédric Lalonde-McNicoll  0  0  0   1  0   3  2  1  0  0  8/16   15:16   3:25   0:00 
Chris Mueller            0  0  0   0  0   0  0  0  0  0  0/0     0:39   0:00   0:00 
Dainius Zubrus           1  0  1  -1  0   3  2  0  2  1  13/29  21:55   6:30   1:59 
Dale Weise               0  0  0  -1  0   0  3  0  0  2  0/0     6:46   0:00   0:00 
Daniel Paille            0  0  0  -1  0   4  1  0  0  0  4/10   23:17   6:30   3:30 
Erik Gustafsson          0  0  0   0  0   0  0  1  0  0  0/0    20:46   2:54   2:30 
Griffin Reinhart         0  0  0   0  0   0  0  1  0  0  0/0    13:44   0:00   1:31 
Guillaume Desbiens       0  1  1   1  0   4  3  1  1  0  1/1    16:54   3:25   1:30 
Johannes Salmonsson      0  0  0  -1  0   2  0  2  2  1  0/0    11:26   0:00   0:00 
Justin Williams          0  1  1  -1  2   5  3  0  2  0  1/1    21:54   6:30   2:08 
Kris Russell             0  1  1   0  2   0  0  0  1  0  0/0    19:44   2:54   1:43 
Max Reinhart             0  0  0  -1  0   0  0  0  1  0  0/2     6:46   0:00   0:00 
Michael Paliotta         0  0  0   0  0   0  0  0  0  0  0/0     3:58   0:00   0:20 
Michal Jordan            0  0  0   0  0   1  0  0  0  0  0/0    11:29   0:00   0:00 
Mike Weber               0  0  0  -2  2   1  0  1  0  1  0/0    23:05   7:01   2:23 
Mitchell Heard           0  0  0   0  0   1  0  0  0  0  0/0     2:06   0:00   1:27 
Pasi Salonen             1  0  1   1  0   5  5  0  0  0  0/0    15:16   3:25   0:00 
Patrick Maroon           0  0  0   0  0   0  0  0  0  0  0/0     0:40   0:00   0:00 
Ryan Strome              0  0  0  -1  0   2  1  0  0  0  0/0    11:26   0:00   0:00 
Tim Bozon                0  0  0   0  0   0  0  0  0  0  0/0     0:00   0:00   0:00 
William Colbert          0  1  1  -2  0   1  2  0  1  2  0/0    27:20   7:01   3:27 

Players Stats for Staline

Player Name              G  A  P  +/- PIM S  H  SB GA TA FO     MP     PP MP  PK MP  
------------------------------------------------------------------------------------
Brock Nelson             2  1  3   2  0   7  3  0  0  2  0/4    22:16   3:24   3:20 
Bryan Bickell            0  0  0   0  0   1  2  0  0  0  0/0     7:40   0:00   1:03 
Corey Trivino            0  0  0   0  0   0  1  0  0  0  0/0     8:01   0:00   1:20 
Danny Kristo             1  0  1   1  0   4  2  0  0  0  0/1    10:33   0:00   0:00 
David Desharnais         0  1  1  -1  0   2  3  0  2  0  13/24  19:20   2:33   5:32 
Dustin Kohn              0  3  3   1  2   1  1  0  1  0  0/0    26:01   4:14   5:06 
James Sheppard           0  0  0   1  0   0  1  0  0  4  0/1    10:44   0:00   0:00 
Jordan Caron             0  0  0  -1  0   4  2  0  0  0  0/0    13:34   2:33   0:00 
Jordan Szwarz            0  0  0   0  0   0  2  0  0  0  0/0     6:30   0:00   0:00 
Lars Eller               1  2  3   2  2   6  1  1  0  0  18/31  21:37   3:24   2:42 
Marek Zagrapan           0  0  0   1  0   3  1  0  0  0  1/3    11:05   0:00   0:21 
Mike Reilly              0  0  0   1  2   0  0  0  1  0  0/0    14:52   1:43   0:05 
Nick Spaling             0  0  0  -1  0   2  1  0  1  1  0/0    19:20   2:33   5:32 
Nikita Nesterov          0  0  0   1  0   1  0  2  0  1  0/0    15:07   0:00   2:41 
Philip Larsen            0  0  0   1  0   0  1  1  1  0  0/0    27:01   4:14   6:35 
Stu Bickel               0  0  0   0  0   2  1  0  1  0  0/0    17:45   0:00   2:53 
Tyler Pitlick            0  1  1   2  0   2  3  1  0  1  1/1    18:52   3:24   0:00 
Viktor Loov              0  0  0   0  2   0  0  2  0  1  0/0    19:43   1:43   2:30 

3 Stars

1 - Brock Nelson (StJ)
2 - Lars Eller (StJ)
3 - Danny Kristo (StJ)

Power Play

Remparts - 0 on 5 Attempt(s) - 0.00%
Staline - 0 on 3 Attempt(s) - 0.00%

Penalty Kill

Remparts - 3 on 3 Attempt(s) - 100.00% - Score 0 goal in Penalty Kill
Staline - 5 on 5 Attempt(s) - 100.00% - Score 0 goal in Penalty Kill

Team Stat

Remparts - Hits : 24 - Faceoff Wins : 32 - Blocked Shots : 7 - Penalty Minutes : 6
Staline - Hits : 25 - Faceoff Wins : 33 - Blocked Shots : 7 - Penalty Minutes : 10

Official

Referees : Joannette Marc and Lee Chris
Linesman : Lonnie Cameron and Michel Cormier

Game Notes

No Game Note

Finance

Level 1 -- Attendance: 1510 (75.50%) -- Ticket Income $60,400
Level 2 -- Attendance: 711 (71.10%) -- Ticket Income $14,220
Total Attendance: 2221 (74.03%)
Total Ticket Income: $74,620
Other Income: $3,731
Total Income: $78,351

Remparts

5 vs 5 Forward 
   Center                   Left Wing                Right Wing               Time % Phy DF OF 
 1 Dainius Zubrus           Daniel Paille            Justin Williams          40     1   2  2  
 2 Cédric Lalonde-McNicoll  Pasi Salonen             Guillaume Desbiens       30     1   2  2  
 3 Brandon Mashinter        Johannes Salmonsson      Ryan Strome              20     1   2  2  
 4 Max Reinhart             Alex Galchenyuk          Dale Weise               10     1   2  2  

5 vs 5 Defense 
   Defense                  Defense                                           Time % Phy DF OF 
 1 William Colbert          Mike Weber                                        40     1   2  2  
 2 Kris Russell             Erik Gustafsson                                   30     1   2  2  
 3 Michal Jordan            Griffin Reinhart                                  20     1   2  2  
 4 Michael Paliotta         William Colbert                                   10     1   2  2  

PowerPlay Forward 
   Center                   Left Wing                Right Wing               Time % Phy DF OF 
 1 Dainius Zubrus           Daniel Paille            Justin Williams          60     1   2  2  
 2 Cédric Lalonde-McNicoll  Pasi Salonen             Guillaume Desbiens       40     1   2  2  

PowerPlay Defense
   Defense                  Defense                                           Time % Phy DF OF 
 1 William Colbert          Mike Weber                                        60     1   2  2  
 2 Kris Russell             Erik Gustafsson                                   40     1   2  2  

Penalty Kill 4 Players Forward 
   Center                   Wing                     Time % Phy DF OF 
 1 Daniel Paille            Justin Williams          60     1   2  2  
 2 Guillaume Desbiens       Dainius Zubrus           40     1   2  2  

Penalty Kill 4 Players Defense
   Defense                  Defense                  Time % Phy DF OF 
 1 William Colbert          Mike Weber               60     1   2  2  
 2 Kris Russell             Erik Gustafsson          40     1   2  2  

Penalty Kill - 3 Players Forward 
   Forward                                           Time % Phy DF OF 
 1 Daniel Paille                                     60     1   2  2  
 2 Justin Williams                                   40     1   2  2  

Penalty Kill - 3 Players Defense
   Defense                  Defense                  Time % Phy DF OF 
 1 William Colbert          Mike Weber               60     1   2  2  
 2 Kris Russell             Erik Gustafsson          40     1   2  2  

4 vs 4 Forward 
   Center                   Wing                     Time % Phy DF OF 
 1 Daniel Paille            Justin Williams          60     1   2  2  
 2 Guillaume Desbiens       Dainius Zubrus           40     1   2  2  

4 vs 4 Defense
   Defense                  Defense                  Time % Phy DF OF 
 1 William Colbert          Mike Weber               60     1   2  2  
 2 Kris Russell             Erik Gustafsson          40     1   2  2  

Last Minutes Offensive
   Center                   Left Wing                Right Wing               Defense                  Defense                  
   Dainius Zubrus           Daniel Paille            Justin Williams          William Colbert          Mike Weber               

Last Minutes Defensive
   Center                   Left Wing                Right Wing               Defense                  Defense                  
   Dainius Zubrus           Daniel Paille            Justin Williams          William Colbert          Mike Weber               

Goaltenders
Starting : Tyler Plante             
Backup : Igor Bobkov              

Extra Forwards
Normal : Patrick Maroon, Chris Mueller, Mitchell Heard - PP : Patrick Maroon, Chris Mueller - PK : Mitchell Heard
Extra Defensemen
Normal : Michal Jordan, Griffin Reinhart, Michael Paliotta - PP : Michal Jordan - PK : Griffin Reinhart, Michael Paliotta
Penalty Shots
Daniel Paille, Justin Williams, Guillaume Desbiens, Dainius Zubrus, Pasi Salonen

Scratches
Cody Ceci (Upper Body Injury), François Brassard (Healthy)

Staline

5 vs 5 Forward 
   Center                   Left Wing                Right Wing               Time % Phy DF OF 
 1 Lars Eller               Brock Nelson             Tyler Pitlick            40     1   2  2  
 2 David Desharnais         Nick Spaling             Jordan Caron             30     1   2  2  
 3 Marek Zagrapan           James Sheppard           Danny Kristo             20     1   2  2  
 4 Corey Trivino            Bryan Bickell            Jordan Szwarz            10     1   2  2  

5 vs 5 Defense 
   Defense                  Defense                                           Time % Phy DF OF 
 1 Dustin Kohn              Philip Larsen                                     40     1   2  2  
 2 Viktor Loov              Stu Bickel                                        30     1   2  2  
 3 Mike Reilly              Nikita Nesterov                                   20     1   2  2  
 4 Dustin Kohn              Philip Larsen                                     10     1   2  2  

PowerPlay Forward 
   Center                   Left Wing                Right Wing               Time % Phy DF OF 
 1 Lars Eller               Brock Nelson             Tyler Pitlick            60     1   2  2  
 2 David Desharnais         Nick Spaling             Jordan Caron             40     1   2  2  

PowerPlay Defense
   Defense                  Defense                                           Time % Phy DF OF 
 1 Dustin Kohn              Philip Larsen                                     60     1   2  2  
 2 Viktor Loov              Mike Reilly                                       40     1   2  2  

Penalty Kill 4 Players Forward 
   Center                   Wing                     Time % Phy DF OF 
 1 David Desharnais         Nick Spaling             60     1   2  2  
 2 Lars Eller               Brock Nelson             40     1   2  2  

Penalty Kill 4 Players Defense
   Defense                  Defense                  Time % Phy DF OF 
 1 Dustin Kohn              Philip Larsen            60     1   2  2  
 2 Viktor Loov              Stu Bickel               40     1   2  2  

Penalty Kill - 3 Players Forward 
   Forward                                           Time % Phy DF OF 
 1 David Desharnais                                  60     1   2  2  
 2 Lars Eller                                        40     1   2  2  

Penalty Kill - 3 Players Defense
   Defense                  Defense                  Time % Phy DF OF 
 1 Dustin Kohn              Philip Larsen            60     1   2  2  
 2 Viktor Loov              Stu Bickel               40     1   2  2  

4 vs 4 Forward 
   Center                   Wing                     Time % Phy DF OF 
 1 Lars Eller               Tyler Pitlick            60     1   2  2  
 2 David Desharnais         Brock Nelson             40     1   2  2  

4 vs 4 Defense
   Defense                  Defense                  Time % Phy DF OF 
 1 Dustin Kohn              Philip Larsen            60     1   2  2  
 2 Viktor Loov              Stu Bickel               40     1   2  2  

Last Minutes Offensive
   Center                   Left Wing                Right Wing               Defense                  Defense                  
   Lars Eller               Brock Nelson             Tyler Pitlick            Dustin Kohn              Philip Larsen            

Last Minutes Defensive
   Center                   Left Wing                Right Wing               Defense                  Defense                  
   Lars Eller               Nick Spaling             Tyler Pitlick            Dustin Kohn              Philip Larsen            

Goaltenders
Starting : Allen York               
Backup : Joni Ortio               

Extra Forwards
Normal : Marek Zagrapan, James Sheppard, Corey Trivino - PP : Marek Zagrapan, James Sheppard - PK : Corey Trivino
Extra Defensemen
Normal : Dustin Kohn, Nikita Nesterov, Viktor Loov - PP : Philip Larsen - PK : Nikita Nesterov, Viktor Loov
Penalty Shots
Nick Spaling, Lars Eller, David Desharnais, Brock Nelson, Jordan Caron

Scratches
Peter Holland (Healthy), Jiri Sekac (Healthy), Andrey Pedan (Healthy), Charles Hudon (Healthy), Barclay Goodrow (Healthy)
David Musil (Healthy), Darcy Kuemper (Healthy), Sean Maguire (Healthy)

% Time on Ice - Remparts

Lines # - Real PCT - Wanted PCT - Time Play
Normal Forward
1 - 31% - 40% - 13:40
2 - 28% - 30% - 12:16
3 - 26% - 20% - 11:26
4 - 15% - 10% - 6:46
Normal Defense
1 - 31% - 40% - 13:49
2 - 36% - 30% - 15:47
3 - 25% - 20% - 11:04
4 - 8% - 10% - 3:28
PP Forward
1 - 66% - 60% - 6:30
2 - 34% - 40% - 3:25
PP Defense
1 - 71% - 60% - 7:01
2 - 29% - 40% - 2:54
PK Forward
1 - 75% - 60% - 4:27
2 - 25% - 40% - 1:30
PK Defense
1 - 58% - 60% - 3:27
2 - 42% - 40% - 2:30
PK3 Forward
1 - 0% - 60%
2 - 0% - 40%
PK3 Defense
1 - 0% - 60%
2 - 0% - 40%
44 Forward
1 - 0% - 60%
2 - 0% - 40%
44 Defense
1 - 0% - 60%
2 - 0% - 40%
Last Minute Offensive  - 0:00
Last Minute Defensive  - 0:00
Total
Forward - 60:00
Defense - 60:00

% Time on Ice - Staline

Lines # - Real PCT - Wanted PCT - Time Play
Normal Forward
1 - 37% - 40% - 16:11
2 - 25% - 30% - 10:54
3 - 24% - 20% - 10:33
4 - 15% - 10% - 6:30
Normal Defense
1 - 37% - 40% - 16:12
2 - 35% - 30% - 15:31
3 - 28% - 20% - 12:25
4 - 0% - 10% - 0:00
PP Forward
1 - 57% - 60% - 3:24
2 - 43% - 40% - 2:33
PP Defense
1 - 71% - 60% - 4:14
2 - 29% - 40% - 1:43
PK Forward
1 - 66% - 60% - 6:35
2 - 34% - 40% - 3:20
PK Defense
1 - 66% - 60% - 6:35
2 - 34% - 40% - 3:20
PK3 Forward
1 - 0% - 60%
2 - 0% - 40%
PK3 Defense
1 - 0% - 60%
2 - 0% - 40%
44 Forward
1 - 0% - 60%
2 - 0% - 40%
44 Defense
1 - 0% - 60%
2 - 0% - 40%
Last Minute Offensive  - 0:00
Last Minute Defensive  - 0:00
Total
Forward - 60:00
Defense - 60:00

Play by Play

1st period


0:01 of 1st period - Lars Eller wins face-off versus Dainius Zubrus in neutral zone.
0:22 of 1st period - Minor Penalty to Mike Weber for Hooking.
0:23 of 1st period - Daniel Paille wins face-off versus Lars Eller in Remparts zone.
0:23 of 1st period - Daniel Paille is hit by Tyler Pitlick.
2:03 of 1st period - Snap shot by Mitchell Heard.
2:03 of 1st period - Stopped by Allen York with a rebound.
2:22 of 1st period - Penalty to Mike Weber is over, Mike Weber is back on ice.
2:24 of 1st period - Icing by Michael Paliotta.
2:25 of 1st period - Guillaume Desbiens wins face-off versus Brock Nelson in Remparts zone.
2:39 of 1st period - Ryan Strome is hit by James Sheppard and loses puck.
3:16 of 1st period - Kris Russell is hit by Dustin Kohn and loses puck.
3:42 of 1st period - Wrist shot by Danny Kristo.
3:42 of 1st period - Deflect By Marek Zagrapan.
3:42 of 1st period - Stopped by Tyler Plante without a rebound.
3:43 of 1st period - Cédric Lalonde-McNicoll wins face-off versus Lars Eller in Remparts zone.
4:33 of 1st period - Kris Russell is hit by Bryan Bickell.
4:37 of 1st period - Jordan Szwarz is hit by Dale Weise and loses puck.
6:03 of 1st period - Pasi Salonen is hit by David Desharnais and loses puck.
6:37 of 1st period - Snap shot by Marek Zagrapan.
6:37 of 1st period - Stopped by Tyler Plante without a rebound.
6:38 of 1st period - Cédric Lalonde-McNicoll wins face-off versus Lars Eller in Remparts zone.
6:43 of 1st period - Wrist shot by Guillaume Desbiens.
6:43 of 1st period - Shot Blocked by Tyler Pitlick.
6:45 of 1st period - Slapshot by Erik Gustafsson.
6:45 of 1st period - Deflect By Guillaume Desbiens.
6:45 of 1st period - Stopped by Allen York without a rebound.
6:46 of 1st period - Cédric Lalonde-McNicoll wins face-off versus Lars Eller in Staline zone.
6:51 of 1st period - Wrist shot by Pasi Salonen.
6:51 of 1st period - Stopped by Allen York with a rebound.
6:53 of 1st period - Snap shot by Guillaume Desbiens.
6:53 of 1st period - Deflect By Cédric Lalonde-McNicoll.
6:53 of 1st period - Stopped by Allen York with a rebound.
7:20 of 1st period - Slapshot by Jordan Caron.
7:20 of 1st period - Shot Misses the Net.
7:22 of 1st period - Minor Penalty to Kris Russell for Roughing.
7:23 of 1st period - Lars Eller wins face-off versus Daniel Paille in Remparts zone.
7:30 of 1st period - Wrist shot by Lars Eller.
7:30 of 1st period - Shot Misses the Net.
7:32 of 1st period - Wrist shot by Brock Nelson.
7:32 of 1st period - Stopped by Tyler Plante without a rebound.
7:33 of 1st period - Lars Eller wins face-off versus Daniel Paille in Remparts zone.
7:36 of 1st period - Snap shot by Lars Eller.
7:36 of 1st period - Stopped by Tyler Plante without a rebound.
7:37 of 1st period - Lars Eller wins face-off versus Daniel Paille in Remparts zone.
9:22 of 1st period - Penalty to Kris Russell is over, Kris Russell is back on ice.
11:08 of 1st period - Bryan Bickell is hit by Cédric Lalonde-McNicoll and loses puck.
11:35 of 1st period - Jordan Caron is hit by William Colbert and loses puck.
11:54 of 1st period - Brock Nelson is hit by Dainius Zubrus and loses puck.
12:39 of 1st period - Lars Eller is hit by Brandon Mashinter and loses puck.
12:50 of 1st period - Ryan Strome is hit by Tyler Pitlick and loses puck.
12:55 of 1st period - Snap shot by Lars Eller.
12:55 of 1st period - Stopped by Tyler Plante without a rebound.
12:56 of 1st period - Dainius Zubrus wins face-off versus David Desharnais in Remparts zone.
13:09 of 1st period - Slapshot by Daniel Paille.
13:09 of 1st period - Shot Misses the Net.
13:11 of 1st period - Wrist shot by Dainius Zubrus.
13:11 of 1st period - Stopped by Allen York with a rebound.
13:21 of 1st period - Cédric Lalonde-McNicoll is hit by Danny Kristo.
13:27 of 1st period - Snap shot by Cédric Lalonde-McNicoll.
13:27 of 1st period - Shot Misses the Net.
13:43 of 1st period - Mike Weber is hit by Jordan Szwarz and loses puck.
13:49 of 1st period - Icing by William Colbert.
13:50 of 1st period - Tyler Pitlick wins face-off versus Max Reinhart in Remparts zone.
13:53 of 1st period - Snap shot by Tyler Pitlick.
13:53 of 1st period - Deflect By Brock Nelson.
13:53 of 1st period - Stopped by Tyler Plante with a rebound.
14:00 of 1st period - Icing by Mike Weber.
14:01 of 1st period - Lars Eller wins face-off versus Max Reinhart in Remparts zone.
14:11 of 1st period - Slapshot by Dustin Kohn.
14:11 of 1st period - Stopped by Tyler Plante with a rebound.
14:13 of 1st period - Snap shot by Brock Nelson.
14:13 of 1st period - Stopped by Tyler Plante with a rebound.
14:15 of 1st period - Wrist shot by Brock Nelson.
14:15 of 1st period - Goal by Brock Nelson - Remparts : 0 - Staline : 1.
14:16 of 1st period - Lars Eller wins face-off versus Dainius Zubrus in neutral zone.
14:42 of 1st period - Philip Larsen is hit by Pasi Salonen and loses puck.
15:24 of 1st period - Off-side.
15:25 of 1st period - Brandon Mashinter wins face-off versus Lars Eller in neutral zone.
15:28 of 1st period - Snap shot by Ryan Strome.
15:28 of 1st period - Stopped by Allen York without a rebound.
15:29 of 1st period - Brandon Mashinter wins face-off versus Lars Eller in Staline zone.
15:30 of 1st period - Snap shot by Johannes Salmonsson.
15:30 of 1st period - Shot Misses the Net.
15:46 of 1st period - Snap shot by Brock Nelson.
15:46 of 1st period - Shot Misses the Net.
15:48 of 1st period - Wrist shot by Tyler Pitlick.
15:48 of 1st period - Shot Blocked by Johannes Salmonsson.
15:50 of 1st period - Wrist shot by Tyler Pitlick.
15:50 of 1st period - Deflect By Lars Eller.
15:50 of 1st period - Shot Misses the Net.
15:50 of 1st period - Puck is out of play.
15:51 of 1st period - Dainius Zubrus wins face-off versus David Desharnais in Remparts zone.
15:58 of 1st period - Snap shot by Justin Williams.
15:58 of 1st period - Stopped by Allen York without a rebound.
15:59 of 1st period - David Desharnais wins face-off versus Dainius Zubrus in Staline zone.
16:01 of 1st period - Minor Penalty to Mike Reilly for Hooking.
16:02 of 1st period - Dainius Zubrus wins face-off versus David Desharnais in Staline zone.
17:52 of 1st period - Viktor Loov is hit by Justin Williams.
18:01 of 1st period - Penalty to Mike Reilly is over, Mike Reilly is back on ice.
18:08 of 1st period - Wrist shot by Brandon Mashinter.
18:08 of 1st period - Stopped by Allen York without a rebound.
18:09 of 1st period - Brandon Mashinter wins face-off versus Marek Zagrapan in Staline zone.
18:16 of 1st period - Wrist shot by Johannes Salmonsson.
18:16 of 1st period - Stopped by Allen York with a rebound.
19:58 of 1st period - Tyler Pitlick is hit by Cédric Lalonde-McNicoll and loses puck.
Goals for this period are 0 for Remparts vs 1 for Staline.
Shots for this period are 9 for Remparts vs 9 for Staline.

2nd period


0:01 of 2nd period - Lars Eller wins face-off versus Dainius Zubrus in neutral zone.
0:08 of 2nd period - Wrist shot by Dainius Zubrus.
0:08 of 2nd period - Shot Misses the Net.
0:42 of 2nd period - Off-side.
0:43 of 2nd period - David Desharnais wins face-off versus Cédric Lalonde-McNicoll in neutral zone.
0:56 of 2nd period - Snap shot by Nick Spaling.
0:56 of 2nd period - Shot Blocked by Guillaume Desbiens.
0:58 of 2nd period - Wrist shot by Viktor Loov.
0:58 of 2nd period - Shot Blocked by Erik Gustafsson.
1:08 of 2nd period - Brandon Mashinter is hit by Danny Kristo and loses puck.
1:36 of 2nd period - Corey Trivino is hit by Dale Weise and loses puck.
1:57 of 2nd period - Snap shot by Pasi Salonen.
1:57 of 2nd period - Stopped by Allen York with a rebound.
1:59 of 2nd period - Snap shot by Cédric Lalonde-McNicoll.
1:59 of 2nd period - Stopped by Allen York with a rebound.
2:17 of 2nd period - Wrist shot by Dainius Zubrus.
2:17 of 2nd period - Shot Misses the Net.
2:47 of 2nd period - Wrist shot by Nick Spaling.
2:47 of 2nd period - Shot Blocked by Johannes Salmonsson.
3:08 of 2nd period - Icing by William Colbert.
3:09 of 2nd period - Lars Eller wins face-off versus Cédric Lalonde-McNicoll in Remparts zone.
3:20 of 2nd period - Dustin Kohn is hit by Guillaume Desbiens and loses puck.
3:25 of 2nd period - Backhand shot by Guillaume Desbiens.
3:25 of 2nd period - Stopped by Allen York with a rebound.
3:35 of 2nd period - Wrist shot by Guillaume Desbiens.
3:35 of 2nd period - Shot Blocked by Lars Eller.
3:37 of 2nd period - Snap shot by Cédric Lalonde-McNicoll.
3:37 of 2nd period - Stopped by Allen York with a rebound.
3:39 of 2nd period - Snap shot by Guillaume Desbiens.
3:39 of 2nd period - Shot Misses the Net.
3:41 of 2nd period - Slapshot by William Colbert.
3:41 of 2nd period - Stopped by Allen York without a rebound.
3:42 of 2nd period - Dainius Zubrus wins face-off versus Marek Zagrapan in Staline zone.
4:07 of 2nd period - Kris Russell is hit by Jordan Szwarz.
5:25 of 2nd period - Snap shot by Dainius Zubrus.
5:25 of 2nd period - Goal by Dainius Zubrus - Remparts : 1 - Staline : 1.
5:26 of 2nd period - Lars Eller wins face-off versus Dainius Zubrus in neutral zone.
5:26 of 2nd period - Lars Eller is hit by Dainius Zubrus.
5:30 of 2nd period - Snap shot by Brock Nelson.
5:30 of 2nd period - Shot Misses the Net.
5:32 of 2nd period - Snap shot by Tyler Pitlick.
5:32 of 2nd period - Shot Misses the Net.
5:34 of 2nd period - Wrist shot by Brock Nelson.
5:34 of 2nd period - Goal by Brock Nelson - Remparts : 1 - Staline : 2.
5:35 of 2nd period - Dainius Zubrus wins face-off versus Lars Eller in neutral zone.
5:37 of 2nd period - Minor Penalty to Justin Williams for Hooking.
5:38 of 2nd period - Daniel Paille wins face-off versus Lars Eller in Remparts zone.
5:38 of 2nd period - Daniel Paille is hit by Lars Eller.
5:43 of 2nd period - Slapshot by Mike Weber.
5:43 of 2nd period - Stopped by Allen York without a rebound.
5:44 of 2nd period - Lars Eller wins face-off versus Daniel Paille in Staline zone.
6:00 of 2nd period - Mike Weber is hit by Brock Nelson and loses puck.
6:10 of 2nd period - Off-side.
6:11 of 2nd period - Daniel Paille wins face-off versus David Desharnais in neutral zone.
6:31 of 2nd period - Daniel Paille is hit by Brock Nelson and loses puck.
6:40 of 2nd period - Slapshot by Dustin Kohn.
6:40 of 2nd period - Deflect By Lars Eller.
6:40 of 2nd period - Stopped by Tyler Plante with a rebound.
6:42 of 2nd period - Snap shot by Brock Nelson.
6:42 of 2nd period - Stopped by Tyler Plante without a rebound.
6:43 of 2nd period - Daniel Paille wins face-off versus Brock Nelson in Remparts zone.
6:43 of 2nd period - Daniel Paille is hit by Brock Nelson.
7:37 of 2nd period - Penalty to Justin Williams is over, Justin Williams is back on ice.
7:45 of 2nd period - Snap shot by Pasi Salonen.
7:45 of 2nd period - Shot Blocked by Viktor Loov.
8:03 of 2nd period - Brandon Mashinter is hit by Bryan Bickell and loses puck.
8:10 of 2nd period - Wrist shot by Bryan Bickell.
8:10 of 2nd period - Stopped by Tyler Plante with a rebound.
8:26 of 2nd period - Wrist shot by Corey Trivino.
8:26 of 2nd period - Deflect By Jordan Caron.
8:26 of 2nd period - Stopped by Tyler Plante with a rebound.
8:28 of 2nd period - Wrist shot by David Desharnais.
8:28 of 2nd period - Stopped by Tyler Plante without a rebound.
8:29 of 2nd period - Cédric Lalonde-McNicoll wins face-off versus David Desharnais in Remparts zone.
8:29 of 2nd period - Cédric Lalonde-McNicoll is hit by Jordan Caron.
8:51 of 2nd period - Icing by Pasi Salonen.
8:52 of 2nd period - Cédric Lalonde-McNicoll wins face-off versus Brock Nelson in Remparts zone.
9:13 of 2nd period - Wrist shot by Guillaume Desbiens.
9:13 of 2nd period - Stopped by Allen York with a rebound.
9:23 of 2nd period - Slapshot by Pasi Salonen.
9:23 of 2nd period - Goal by Pasi Salonen - Remparts : 2 - Staline : 2.
9:24 of 2nd period - Lars Eller wins face-off versus Dainius Zubrus in neutral zone.
9:29 of 2nd period - Wrist shot by Brock Nelson.
9:29 of 2nd period - Deflect By Lars Eller.
9:29 of 2nd period - Goal by Lars Eller - Remparts : 2 - Staline : 3.
9:30 of 2nd period - Dainius Zubrus wins face-off versus Lars Eller in neutral zone.
9:34 of 2nd period - Mike Weber is hit by Philip Larsen and loses puck.
10:00 of 2nd period - David Desharnais is hit by Pasi Salonen.
10:04 of 2nd period - Cédric Lalonde-McNicoll is hit by Nick Spaling and loses puck.
10:25 of 2nd period - Johannes Salmonsson is hit by Marek Zagrapan and loses puck.
11:25 of 2nd period - Snap shot by David Desharnais.
11:25 of 2nd period - Deflect By Nick Spaling.
11:25 of 2nd period - Stopped by Tyler Plante with a rebound.
11:27 of 2nd period - Slapshot by Mike Reilly.
11:27 of 2nd period - Deflect By Jordan Caron.
11:27 of 2nd period - Stopped by Tyler Plante with a rebound.
11:29 of 2nd period - Wrist shot by Jordan Caron.
11:29 of 2nd period - Stopped by Tyler Plante with a rebound.
12:21 of 2nd period - Viktor Loov is hit by Dale Weise and loses puck.
12:48 of 2nd period - Guillaume Desbiens is hit by David Desharnais and loses puck.
13:03 of 2nd period - Snap shot by Ryan Strome.
13:03 of 2nd period - Stopped by Allen York with a rebound.
13:31 of 2nd period - Wrist shot by Alex Galchenyuk.
13:31 of 2nd period - Shot Misses the Net.
13:52 of 2nd period - Slapshot by Daniel Paille.
13:52 of 2nd period - Stopped by Allen York without a rebound.
13:53 of 2nd period - Cédric Lalonde-McNicoll wins face-off versus David Desharnais in Staline zone.
13:58 of 2nd period - Snap shot by Cédric Lalonde-McNicoll.
13:58 of 2nd period - Deflect By Pasi Salonen.
13:58 of 2nd period - Stopped by Allen York with a rebound.
14:20 of 2nd period - Snap shot by Lars Eller.
14:20 of 2nd period - Stopped by Tyler Plante without a rebound.
14:21 of 2nd period - Dainius Zubrus wins face-off versus Lars Eller in Remparts zone.
14:24 of 2nd period - Snap shot by Lars Eller.
14:24 of 2nd period - Shot Blocked by Griffin Reinhart.
14:26 of 2nd period - Wrist shot by Lars Eller.
14:26 of 2nd period - Stopped by Tyler Plante with a rebound.
14:28 of 2nd period - Wrist shot by Brock Nelson.
14:28 of 2nd period - Deflect By Tyler Pitlick.
14:28 of 2nd period - Stopped by Tyler Plante with a rebound.
14:30 of 2nd period - Snap shot by Brock Nelson.
14:30 of 2nd period - Stopped by Tyler Plante with a rebound.
14:32 of 2nd period - Slapshot by Nikita Nesterov.
14:32 of 2nd period - Shot Misses the Net.
14:34 of 2nd period - Snap shot by Brock Nelson.
14:34 of 2nd period - Shot Misses the Net.
14:36 of 2nd period - Wrist shot by Tyler Pitlick.
14:36 of 2nd period - Shot Misses the Net.
14:38 of 2nd period - Wrist shot by Brock Nelson.
14:38 of 2nd period - Deflect By Tyler Pitlick.
14:38 of 2nd period - Stopped by Tyler Plante without a rebound.
14:39 of 2nd period - David Desharnais wins face-off versus Cédric Lalonde-McNicoll in Remparts zone.
15:15 of 2nd period - Brock Nelson is hit by Justin Williams and loses puck.
15:34 of 2nd period - Snap shot by Danny Kristo.
15:34 of 2nd period - Stopped by Tyler Plante with a rebound.
15:36 of 2nd period - Slapshot by Stu Bickel.
15:36 of 2nd period - Shot Misses the Net.
15:38 of 2nd period - Slapshot by Stu Bickel.
15:38 of 2nd period - Stopped by Tyler Plante with a rebound.
16:01 of 2nd period - Snap shot by Pasi Salonen.
16:01 of 2nd period - Stopped by Allen York with a rebound.
16:03 of 2nd period - Snap shot by Guillaume Desbiens.
16:03 of 2nd period - Deflect By Pasi Salonen.
16:03 of 2nd period - Shot Misses the Net.
16:03 of 2nd period - Puck is out of play.
16:04 of 2nd period - Dainius Zubrus wins face-off versus Lars Eller in Staline zone.
16:08 of 2nd period - Minor Penalty to Dustin Kohn for Tripping.
16:09 of 2nd period - Dainius Zubrus wins face-off versus David Desharnais in Staline zone.
16:21 of 2nd period - Slapshot by Daniel Paille.
16:21 of 2nd period - Shot Misses the Net.
16:23 of 2nd period - Backhand shot by Justin Williams.
16:23 of 2nd period - Stopped by Allen York with a rebound.
16:25 of 2nd period - Slapshot by William Colbert.
16:25 of 2nd period - Shot Blocked by Nikita Nesterov.
16:38 of 2nd period - Off-side.
16:39 of 2nd period - David Desharnais wins face-off versus Cédric Lalonde-McNicoll in neutral zone.
17:02 of 2nd period - Slapshot by Justin Williams.
17:02 of 2nd period - Stopped by Allen York without a rebound.
17:03 of 2nd period - Lars Eller wins face-off versus Dainius Zubrus in Staline zone.
17:12 of 2nd period - Viktor Loov is hit by Justin Williams and loses puck.
17:21 of 2nd period - Snap shot by Justin Williams.
17:21 of 2nd period - Stopped by Allen York without a rebound.
17:22 of 2nd period - David Desharnais wins face-off versus Cédric Lalonde-McNicoll in Staline zone.
17:22 of 2nd period - David Desharnais is hit by Pasi Salonen.
17:37 of 2nd period - Snap shot by Pasi Salonen.
17:37 of 2nd period - Shot Misses the Net.
18:08 of 2nd period - Penalty to Dustin Kohn is over, Dustin Kohn is back on ice.
18:40 of 2nd period - Snap shot by Danny Kristo.
18:40 of 2nd period - Shot Misses the Net.
18:55 of 2nd period - Off-side.
18:56 of 2nd period - Brandon Mashinter wins face-off versus Lars Eller in neutral zone.
19:24 of 2nd period - Snap shot by Marek Zagrapan.
19:24 of 2nd period - Shot Misses the Net.
19:26 of 2nd period - Slapshot by James Sheppard.
19:26 of 2nd period - Shot Misses the Net.
19:28 of 2nd period - Slapshot by Danny Kristo.
19:28 of 2nd period - Stopped by Tyler Plante with a rebound.
19:30 of 2nd period - Snap shot by Nikita Nesterov.
19:30 of 2nd period - Deflect By Danny Kristo.
19:30 of 2nd period - Deflect By Daniel Paille.
19:30 of 2nd period - Shot Misses the Net.
19:30 of 2nd period - Puck is out of play.
19:31 of 2nd period - Lars Eller wins face-off versus Daniel Paille in Remparts zone.
Goals for this period are 2 for Remparts vs 2 for Staline.
Shots for this period are 16 for Remparts vs 18 for Staline.

3rd period


0:01 of 3rd period - Lars Eller wins face-off versus Dainius Zubrus in neutral zone.
0:05 of 3rd period - Off-side.
0:06 of 3rd period - Lars Eller wins face-off versus Dainius Zubrus in neutral zone.
0:33 of 3rd period - Wrist shot by Jordan Caron.
0:33 of 3rd period - Shot Blocked by Mike Weber.
0:35 of 3rd period - Slapshot by Nick Spaling.
0:35 of 3rd period - Shot Misses the Net.
0:37 of 3rd period - Slapshot by Nick Spaling.
0:37 of 3rd period - Stopped by Tyler Plante with a rebound.
0:39 of 3rd period - Snap shot by Dustin Kohn.
0:39 of 3rd period - Shot Blocked by Cédric Lalonde-McNicoll.
0:41 of 3rd period - Wrist shot by Nick Spaling.
0:41 of 3rd period - Shot Misses the Net.
0:43 of 3rd period - Wrist shot by Jordan Caron.
0:43 of 3rd period - Deflect By William Colbert.
0:43 of 3rd period - Shot Misses the Net.
0:43 of 3rd period - Puck is out of play.
0:44 of 3rd period - Dainius Zubrus wins face-off versus Brock Nelson in Remparts zone.
0:55 of 3rd period - Wrist shot by Dainius Zubrus.
0:55 of 3rd period - Stopped by Allen York without a rebound.
0:56 of 3rd period - Dainius Zubrus wins face-off versus David Desharnais in Staline zone.
1:43 of 3rd period - Snap shot by Danny Kristo.
1:43 of 3rd period - Stopped by Tyler Plante with a rebound.
1:45 of 3rd period - Slapshot by Nikita Nesterov.
1:45 of 3rd period - Stopped by Tyler Plante with a rebound.
1:47 of 3rd period - Slapshot by Marek Zagrapan.
1:47 of 3rd period - Shot Misses the Net.
1:49 of 3rd period - Slapshot by Marek Zagrapan.
1:49 of 3rd period - Deflect By Danny Kristo.
1:49 of 3rd period - Shot Misses the Net.
1:49 of 3rd period - Puck is out of play.
1:50 of 3rd period - David Desharnais wins face-off versus Dainius Zubrus in Remparts zone.
2:03 of 3rd period - Wrist shot by David Desharnais.
2:03 of 3rd period - Stopped by Tyler Plante with a rebound.
2:05 of 3rd period - Snap shot by Jordan Caron.
2:05 of 3rd period - Stopped by Tyler Plante without a rebound.
2:06 of 3rd period - Lars Eller wins face-off versus Cédric Lalonde-McNicoll in Remparts zone.
2:17 of 3rd period - Brock Nelson is hit by Pasi Salonen and loses puck.
2:32 of 3rd period - Nick Spaling is hit by Daniel Paille and loses puck.
2:55 of 3rd period - Snap shot by Danny Kristo.
2:55 of 3rd period - Goal by Danny Kristo - Remparts : 2 - Staline : 4.
2:56 of 3rd period - Lars Eller wins face-off versus Dainius Zubrus in neutral zone.
2:59 of 3rd period - Backhand shot by Stu Bickel.
2:59 of 3rd period - Deflect By Daniel Paille.
2:59 of 3rd period - Stopped by Tyler Plante with a rebound.
3:05 of 3rd period - Lars Eller is hit by William Colbert and loses puck.
3:27 of 3rd period - Off-side.
3:28 of 3rd period - David Desharnais wins face-off versus Cédric Lalonde-McNicoll in neutral zone.
3:31 of 3rd period - Pasi Salonen is hit by David Desharnais and loses puck.
4:14 of 3rd period - Snap shot by Daniel Paille.
4:14 of 3rd period - Stopped by Allen York with a rebound.
4:58 of 3rd period - Viktor Loov is hit by Pasi Salonen and loses puck.
5:03 of 3rd period - Wrist shot by Pasi Salonen.
5:03 of 3rd period - Shot Misses the Net.
5:05 of 3rd period - Slapshot by Michal Jordan.
5:05 of 3rd period - Deflect By Viktor Loov.
5:05 of 3rd period - Stopped by Allen York without a rebound.
5:05 of 3rd period - Minor Penalty to Allen York for Slashing.
5:06 of 3rd period - Dainius Zubrus wins face-off versus David Desharnais in Staline zone.
5:46 of 3rd period - Snap shot by Daniel Paille.
5:46 of 3rd period - Shot Misses the Net.
5:50 of 3rd period - Snap shot by Dainius Zubrus.
5:50 of 3rd period - Shot Misses the Net.
6:06 of 3rd period - Wrist shot by Justin Williams.
6:06 of 3rd period - Shot Misses the Net.
6:16 of 3rd period - Slapshot by Dainius Zubrus.
6:16 of 3rd period - Shot Misses the Net.
6:18 of 3rd period - Slapshot by William Colbert.
6:18 of 3rd period - Shot Misses the Net.
6:38 of 3rd period - Snap shot by Dainius Zubrus.
6:38 of 3rd period - Shot Misses the Net.
6:42 of 3rd period - Slapshot by Daniel Paille.
6:42 of 3rd period - Stopped by Allen York without a rebound.
6:43 of 3rd period - David Desharnais wins face-off versus Cédric Lalonde-McNicoll in Staline zone.
7:05 of 3rd period - Penalty to Stu Bickel is over, Stu Bickel is back on ice.
7:17 of 3rd period - Icing by Marek Zagrapan.
7:18 of 3rd period - Marek Zagrapan wins face-off versus Brandon Mashinter in Staline zone.
7:18 of 3rd period - Marek Zagrapan is hit by Brandon Mashinter.
7:28 of 3rd period - Wrist shot by Jordan Szwarz.
7:28 of 3rd period - Shot Misses the Net.
7:48 of 3rd period - Snap shot by Johannes Salmonsson.
7:48 of 3rd period - Shot Misses the Net.
7:50 of 3rd period - Backhand shot by Michal Jordan.
7:50 of 3rd period - Deflect By Johannes Salmonsson.
7:50 of 3rd period - Shot Misses the Net.
7:50 of 3rd period - Puck is out of play.
7:51 of 3rd period - Cédric Lalonde-McNicoll wins face-off versus Danny Kristo in Staline zone.
7:52 of 3rd period - Slapshot by Guillaume Desbiens.
7:52 of 3rd period - Stopped by Allen York without a rebound.
7:53 of 3rd period - Cédric Lalonde-McNicoll wins face-off versus Lars Eller in Staline zone.
8:06 of 3rd period - Tyler Pitlick is hit by Guillaume Desbiens.
8:14 of 3rd period - Tyler Pitlick is hit by Guillaume Desbiens and loses puck.
8:26 of 3rd period - Minor Penalty to Lars Eller for Hooking.
8:27 of 3rd period - David Desharnais wins face-off versus Dainius Zubrus in Staline zone.
8:30 of 3rd period - Off-side.
8:31 of 3rd period - David Desharnais wins face-off versus Dainius Zubrus in neutral zone.
10:26 of 3rd period - Penalty to Lars Eller is over, Lars Eller is back on ice.
10:29 of 3rd period - Off-side.
10:30 of 3rd period - Brandon Mashinter wins face-off versus James Sheppard in neutral zone.
10:55 of 3rd period - Ryan Strome is hit by Corey Trivino and loses puck.
11:04 of 3rd period - Nikita Nesterov is hit by Ryan Strome.
11:10 of 3rd period - Snap shot by William Colbert.
11:10 of 3rd period - Shot Blocked by Nikita Nesterov.
11:12 of 3rd period - Snap shot by Ryan Strome.
11:12 of 3rd period - Shot Misses the Net.
11:14 of 3rd period - Slapshot by Erik Gustafsson.
11:14 of 3rd period - Shot Misses the Net.
11:18 of 3rd period - Wrist shot by Johannes Salmonsson.
11:18 of 3rd period - Shot Misses the Net.
11:20 of 3rd period - Wrist shot by Johannes Salmonsson.
11:20 of 3rd period - Stopped by Allen York without a rebound.
11:21 of 3rd period - Lars Eller wins face-off versus Dainius Zubrus in Staline zone.
11:34 of 3rd period - Snap shot by Brock Nelson.
11:34 of 3rd period - Deflect By Lars Eller.
11:34 of 3rd period - Shot Misses the Net.
11:34 of 3rd period - Puck is out of play.
11:35 of 3rd period - Dainius Zubrus wins face-off versus David Desharnais in Remparts zone.
11:46 of 3rd period - Slapshot by Daniel Paille.
11:46 of 3rd period - Shot Blocked by Philip Larsen.
12:07 of 3rd period - Wrist shot by Pasi Salonen.
12:07 of 3rd period - Shot Blocked by Viktor Loov.
12:09 of 3rd period - Minor Penalty to Viktor Loov for Interference.
12:10 of 3rd period - David Desharnais wins face-off versus Dainius Zubrus in Staline zone.
12:18 of 3rd period - Icing by Daniel Paille.
12:19 of 3rd period - Justin Williams wins face-off versus David Desharnais in Remparts zone.
12:26 of 3rd period - Slapshot by Daniel Paille.
12:26 of 3rd period - Stopped by Allen York without a rebound.
12:27 of 3rd period - David Desharnais wins face-off versus Daniel Paille in Staline zone.
12:38 of 3rd period - Slapshot by Justin Williams.
12:38 of 3rd period - Stopped by Allen York with a rebound.
14:09 of 3rd period - Penalty to Viktor Loov is over, Viktor Loov is back on ice.
14:42 of 3rd period - Michal Jordan is hit by Tyler Pitlick and loses puck.
15:25 of 3rd period - Griffin Reinhart is hit by Jordan Caron and loses puck.
16:42 of 3rd period - Off-side.
16:43 of 3rd period - David Desharnais wins face-off versus Dainius Zubrus in neutral zone.
18:33 of 3rd period - Wrist shot by Marek Zagrapan.
18:33 of 3rd period - Stopped by Tyler Plante with a rebound.
18:51 of 3rd period - Griffin Reinhart is hit by Stu Bickel.
Goals for this period are 0 for Remparts vs 1 for Staline.
Shots for this period are 8 for Remparts vs 8 for Staline.